[Event "*** SCC Grand Prix: Titled Tuesday Blitz"]
[Site "Chess.com"]
[Date "2020.08.11"]
[Round "10"]
[White "MrChampion_Coach"]
[Black "UCantHandleDenker"]
[Result "1/2-1/2"]
[WhiteElo "2453"]
[BlackElo "2565"]
[TimeControl "180+1"]
[EndTime "11:58:56 PDT"]
[Termination "Game drawn by repetition"]

1. e4 d6 2. d4 Nf6 3. Nc3 e5 4. Nf3 Nbd7 5. Bc4 Be7 6. O-O O-O 7. a4 c6 8. Re1 b6 9. h3 a6 10. d5 cxd5 11. Nxd5 Bb7 12. Nxe7+ Qxe7 13. Nh4 Nxe4 14. Nf5 Qf6 15. Qg4 d5 16. Rxe4 dxc4 17. Bg5 Qe6 18.
Ne7+ Kh8 19. Qxe6 fxe6 20. Rxc4 Nc5 21. b4 Ne4 22. Rc7 Bd5 23. Be3 Nd6 24. Nxd5 exd5 25. Rd7 Nc4 26. Rxd5 Nxe3 27. fxe3 Rac8 28. Rxe5 Rxc2 29.
Rf1 Rd8 30. Rd5 Re8 31. Rd6 h6 32. Rf3 b5 33. Rxa6 bxa4 34. Rxa4 Rb2 35. Kh2 Re7 36.
Kg3 Kh7 37. h4 Rb3 38. h5 Rexe3 39. Rxe3 Rxe3+ 40. Kf4 Rb3 41. g4 Rb1 42. Kf5 Rb3 43.
Ke4 Rb1 44. Kd5 Rd1+ 45. Kc6 Rc1+ 46. Kb7 Rc4 47. Kb6 Rxg4 48. Ka5 Rg5+ 49. b5 Rxh5 50. Ka6 Rh1 51. Rb4 Ra1+ 52. Kb7 Rf1 53. b6 h5 54. Ka8 Rf8+ 55. Ka7 Kh6 56. Rc4 Rf7+ 57. Rc7 Rf1 58. Rc6+ g6 59. b7 Ra1+ 60. Ra6 Rb1 61. Rb6 Ra1+ 62. Ra6 Rb1 63. Rb6 Ra1+ 64. Ra6 1/2-1/2

[Event "*** SCC Grand Prix: Titled Tuesday Blitz"]
[Site "Chess.com"]
[Date "2020.08.11"]
[Round "10"]
[White "kobemagic"]
[Black "pastouche06"]
[Result "0-1"]
[WhiteElo "2302"]
[BlackElo "2504"]
[TimeControl "180+1"]
[EndTime "11:58:59 PDT"]
[Termination "pastouche06 won by resignation"]

1. c4 e6 2. g3 d5 3. Bg2 Nf6 4. Nf3 d4 5. e3 c5 6. exd4 cxd4 7. d3 Nc6 8. O-O Bd6 9. Re1 O-O 10. Bd2 Re8 11.
Na3 e5 12. Nc2 Bf5 13. Bg5 h6 14. Bxf6 Qxf6 15. Nh4 Bh7 16. a3 a5 17. Rb1 g5 18. Nf3 Qf5 19. Re4 Qf6 20. Re2 Rad8 21. b4 axb4 22. axb4 e4 23. dxe4 Rxe4 24. Rxe4 Bxe4 25.
b5 Ne7 26. Rb3 Bc5 27. Nce1 Ng6 28. Nd3 Bxd3 29. Rxd3 g4 30. Nd2 Ne5 31. Ne4 Qb6 32. Rd2 f5 33. Nxc5 Qxc5 34. Bd5+ Kg7 35. Kg2 d3 36. Rxd3 Nxd3 37. Qxd3 Kg6 38. Qe2 Qd6 39. Bxb7 Rd7 40. Bd5 Re7 41. Qd2 Qe5 42. b6 Rd7 43. b7 Qc7 44. Qb2 Qb8 45. Qb6+ Rd6 46. Qd4 Qxb7 47.
Bxb7 Rxd4 48. c5 Rc4 49. c6 Kg5 50. f3 Rc2+ 51. Kf1 gxf3 52. h3 f4 53. gxf4+ Kxf4 54. Ke1 Ke3 55. Kd1 Rc5 56. c7 Rxc7 57. Bxf3 Kxf3 58. Kd2 Kg3 59. Ke3 Rf7 0-1

[Event "*** SCC Grand Prix: Titled Tuesday Blitz"]
[Site "Chess.com"]
[Date "2020.08.11"]
[Round "10"]
[White "a3aki"]
[Black "PavelChernomordik"]
[Result "1/2-1/2"]
[WhiteElo "2123"]
[BlackElo "2353"]
[TimeControl "180+1"]
[EndTime "11:58:59 PDT"]
[Termination "Game drawn by repetition"]

1. e4 g6 2. d4 Bg7 3. Be3 d6 4.
Nc3 a6 5. Qd2 b5 6. O-O-O Bb7 7.
f3 Nd7 8. h4 h6 9. Nh3 e6 10. Nf2 Nb6 11. a3 Qd7 12. g4 Ne7 13. h5 g5 14. f4 gxf4 15. Bxf4 O-O-O 16. Rg1 Nc6 17. d5 exd5 18. Nxd5 Na4 19. c3 Ne5 20.
Be2 Kb8 21. Kb1 Nc5 22. Be3 Qc6 23. Ne7 Qe8 24. Nd5 Nc4 25. Bxc4 Nxe4 26. Nxe4 Qxe4+ 27. Bd3 Qxd5 28. Qf2 Qb3 29. Bd4 Bxd4 30. Qxd4 Bd5 31. Bc2 Qa2+ 32. Kc1 Be6 33. Bb1 Qc4 34. Qxc4 bxc4 35.
Rd4 Rhg8 36. Bc2 c5 37. Rf4 d5 38. Kd2 d4 39. cxd4 Rxd4+ 40. Rxd4 cxd4 41. Bd1 Rg5 42. Rf1 Bxg4 43. Rxf7 Bxd1 44. Kxd1 Rxh5 45. Rd7 Rh1+ 46. Kd2 Rh2+ 47. Kc1 d3 48. Rd4 Rc2+ 49. Kd1 Kc7 50.
b3 cxb3 51. Rxd3 Rb2 52. Kc1 Rc2+ 53. Kd1 Rb2 54. Kc1 Rc2+ 55. Kd1 1/2-1/2

[Event "*** SCC Grand Prix: Titled Tuesday Blitz"]
[Site "Chess.com"]
[Date "2020.08.11"]
[Round "10"]
[White "swimmerchess"]
[Black "wonderfultime"]
[Result "1-0"]
[WhiteElo "2861"]
[BlackElo "2968"]
[TimeControl "180+1"]
[EndTime "11:59:00 PDT"]
[Termination "swimmerchess won by resignation"]

1. e4 c5 2. Nf3 Nf6 3. e5 Nd5 4.
Nc3 e6 5. Nxd5 exd5 6. d4 Nc6 7. dxc5 Bxc5 8. Qxd5 d6 9. Bc4 Be6 10. Qd3 Nb4 11.
Qe2 Bxc4 12. Qxc4 Rc8 13. Qb5+ Qd7 14. Qxd7+ Kxd7 15. O-O Nxc2 16. Rb1 Rhe8 17. Rd1 f6 18. exf6 gxf6 19. Bf4 Re2 20. Bg3 a5 21. a3 Re4 22.
Rd3 Nd4 23. Rbd1 Nf5 24. Kf1 a4 25. Rd5 Nxg3+ 26. hxg3 Rc4 27. Ne1 Kc6 28. Rf5 Rd4 29. Rc1 Rd2 30. Rc2 Rd1 31. Ke2 Rd5 32. Rxf6 Re8+ 33.
Kf1 Rh5 34. Nf3 Rh1+ 35. Ng1 Re5 36. g4 Rd5 37. Rc1 Rd2 38. g3 Rh2 39. Ne2 Rxb2 40. Kg1 Rxe2 41. Kxh2 Kd5 42. Kg2 b5 43. Rh1 Bxa3 44.
Rxh7 Bc5 45. g5 a3 46. g6 a2 47. Rh1 Bd4 48. g7 Re8 49. Rf8 Bxg7 50. Rxe8 b4 51.
Rb8 Kc4 52. Rc1+ Bc3 53. Ra8 Kb3 54. g4 Kb2 55. Rh1 b3 56. g5 Kc2 57. g6 Kd3 58.
Rh3+ Kd2 59. Rxc3 Kxc3 60. g7 b2 61. g8=Q a1=Q 62. Rxa1 bxa1=Q 63. Qh8+ 1-0

[Event "*** SCC Grand Prix: Titled Tuesday Blitz"]
[Site "Chess.com"]
[Date "2020.08.11"]
[Round "10"]
[White "Guenplen"]
[Black "Shahinyan_ChessMood"]
[Result "1-0"]
[WhiteElo "2880"]
[BlackElo "2710"]
[TimeControl "180+1"]
[EndTime "11:59:01 PDT"]
[Termination "Guenplen won on time"]

1. d4 Nf6 2. Bf4 g6 3. Nc3 d6 4. e4 c6 5. Qd2 b5 6. f3 Qa5 7. Nge2 b4 8. Nd1 e5 9. Bg5 Nbd7 10. a3 Rb8 11. Ne3 Ba6 12. h4 h6 13. Bxf6 Nxf6 14.
Nc1 Bxf1 15. Rxf1 Qa6 16. Nb3 bxa3 17. Rxa3 Qb7 18. d5 cxd5 19. Nxd5 Nxd5 20. Qxd5 Qxd5 21. exd5 Be7 22. g3 Rb7 23. Kd2 Kd7 24. Rfa1 Ra8 25. R1a2 Bd8 26. Na5 Rb5 27. c4 Rxa5 28. Rxa5 Bxa5+ 29. Rxa5 a6 30. b4 Kc7 31. c5 dxc5 32. bxc5 Rd8 33.
d6+ Kc6 34. Kc3 Kd5 35. g4 f5 36. g5 hxg5 37. hxg5 Rc8 38. Kd3 Rd8 39. Ke3 Rb8 40. Rxa6 Kxc5 41. d7 Rd8 42. Rxg6 Rxd7 43. Rf6 Rd1 44.
Rxf5 Kd6 45. Rf6+ Kd5 46. Kf2 Rh1 47. Kg3 Rg1+ 48. Kh4 Kd4 49. Kh5 Rh1+ 50. Kg6 Ke3 51.
Kf7 Ra1 52. g6 Ra7+ 53. Kg8 e4 54. fxe4 Kxe4 55. g7 Ke5 56. Rf7 Ra1 57. Rf2 Ke6 58. Rh2 Kf6 59. Kh8 1-0

[Event "*** SCC Grand Prix: Titled Tuesday Blitz"]
[Site "Chess.com"]
[Date "2020.08.11"]
[Round "10"]
[White "M1711"]
[Black "Khazieva_Elza"]
[Result "1/2-1/2"]
[WhiteElo "2461"]
[BlackElo "2348"]
[TimeControl "180+1"]
[EndTime "11:59:02 PDT"]
[Termination "Game drawn - insufficient material"]

1. e4 c5 2. Nf3 d6 3. Nc3 Nf6 4. e5 dxe5 5. Nxe5 Qc7 6. Bb5+ Nbd7 7. d4 e6 8. Bf4 Bd6 9. Nxd7 Bxd7 10. Bxd6 Qxd6 11.
Bxd7+ Nxd7 12. dxc5 Qe5+ 13. Qe2 Qxe2+ 14. Kxe2 Nxc5 15.
b4 Nd7 16. Nb5 O-O 17. c4 Ne5 18. Rac1 Rfd8 19. Rhd1 Rxd1 20. Rxd1 Nxc4 21. Rd7 a6 22. Nd4 b5 23. Nc6 Nb6 24. Rb7 Nd5 25. Kd3 Nf4+ 26. Kd4 Nxg2 27. Kc5 Ne1 28. Rb8+ Rxb8 29. Nxb8 Nd3+ 30.
Kb6 Nxb4 31. Nxa6 Nxa2 32. Kxb5 Nc3+ 33. Kc4 Ne4 34. f4 g5 35. Kd4 Nd2 36. Ke3 Nf1+ 37. Kf2 Nxh2 38. fxg5 Ng4+ 39. Kg3 Ne3 40. Nc5 Kg7 41. Kf4 Nd5+ 42. Kg4 Kg6 43. Nd3 Ne3+ 44. Kf4 Ng2+ 45. Kg4 Ne3+ 46. Kf4 Nc4 47. Kg4 e5 48. Nc5 Nd6 49. Nd3 Nc4 50. Nc5 Nd6 51. Nd3 f5+ 52. gxf6 Kxf6 53. Nf2 Nf7 54. Ne4+ Ke6 55. Ng3 Kd5 56. Kf3 e4+ 57. Nxe4 Ne5+ 58. Kf4 Nd3+ 59. Kf5 Ne1 60. Nf6+ Kd4 61. Nxh7 1/2-1/2

[Event "*** SCC Grand Prix: Titled Tuesday Blitz"]
[Site "Chess.com"]
[Date "2020.08.11"]
[Round "10"]
[White "profofchess"]
[Black "TioCridineno"]
[Result "1-0"]
[WhiteElo "2393"]
[BlackElo "2210"]
[TimeControl "180+1"]
[EndTime "11:59:02 PDT"]
[Termination "profofchess won on time"]

1. e4 c5 2. Nf3 d6 3. c3 Nf6 4. Bc4 e6 5. Qe2 Nc6 6. Bb3 Be7 7. d4 cxd4 8. cxd4 d5 9. e5 Ne4 10. Nc3 Nxc3 11. bxc3 O-O 12. Bc2 f6 13. exf6 Bxf6 14.
Qd3 g6 15. Bh6 Re8 16. O-O Qd6 17. Rad1 Bd7 18. Rfe1 a6 19. h4 Re7 20. h5 Be8 21. Ng5 b5 22. Qh3 gxh5 23. Nxh7 Bh8 24. Ng5 Nd8 25. Nf3 Bg7 26. Bg5 Rc7 27. Bxd8 Rxd8 28. Rxe6 Qf8 29. Rde1 Bf7 30. R6e5 Rxc3 31. Bb1 Rd6 32.
Rg5 Rf6 33. Rxh5 Bxh5 34. Qxh5 Rh6 35. Qxd5+ Kh8 36. Ng5 Rc7 37. Qe4 Bf6 38. Ne6 Qe7 39. Nxc7 Qxc7 40. g3 Qd7 41. Qe8+ Qxe8 42. Rxe8+ Kg7 43.
d5 Bd4 44. Re6 Rxe6 45. dxe6 Kf6 46. Kg2 b4 47. f4 a5 48. Bc2 Kxe6 49. Kf3 Kf6 50.
Ke4 Bf2 51. g4 Bg3 52. g5+ Kg7 53. f5 Be1 54. Ke5 Bc3+ 55. Ke6 Bb2 56. f6+ Kf8 57. g6 a4 58. Bxa4 b3 59. Bxb3 1-0

[Event "*** SCC Grand Prix: Titled Tuesday Blitz"]
[Site "Chess.com"]
[Date "2020.08.11"]
[Round "10"]
[White "elcandado"]
[Black "Tekushka"]
[Result "0-1"]
[WhiteElo "2521"]
[BlackElo "2372"]
[TimeControl "180+1"]
[EndTime "11:59:03 PDT"]
[Termination "Tekushka won on time"]

1. d4 Nf6 2. Bf4 c5 3. c3 cxd4 4. cxd4 d5 5. Nc3 Nc6 6. e3 Bf5 7. Bd3 Bxd3 8. Qxd3 e6 9. Nf3 Be7 10. h3 O-O 11. O-O Rc8 12. Rfc1 Qb6 13. Na4 Qb4 14. b3 Ne4 15. Qd1 b5 16. a3 Qa5 17. Nc5 Bxc5 18. dxc5 b4 19. axb4 Qxb4 20. Ra4 Qb7 21. Nd4 e5 22.
Nxc6 exf4 23. Nxa7 fxe3 24. f3 Ng3 25. Nxc8 Rxc8 26.
Rg4 Nf5 27. Qd3 Qd7 28. c6 Qe6 29. c7 g6 30. b4 e2 31. Re1 Qb6+ 32. Kh1 Qxc7 33.
Qxf5 Re8 34. Qb1 Qe7 35. b5 Qe3 36. b6 Rb8 37. b7 Qf2 38. Rb4 d4 39. Qc1 d3 40. Qc8+ Kg7 41. Qc3+ f6 42. Rbb1 Rxb7 43. Rxb7+ Kh6 44. Rbb1 g5 45. Qd2 Kg6 46. Rb3 h5 47.
Rxd3 Qf1+ 48. Rxf1 exf1=Q+ 49. Kh2 Qb1 50. Qe3 Qb8+ 51. Kh1 Qb1+ 52. Kh2 Qb8+ 53. f4 h4 54. Qf3 Kh6 0-1

[Event "*** SCC Grand Prix: Titled Tuesday Blitz"]
[Site "Chess.com"]
[Date "2020.08.11"]
[Round "10"]
[White "BlackWidow515"]
[Black "Evachess2006"]
[Result "1-0"]
[WhiteElo "2077"]
[BlackElo "1630"]
[TimeControl "180+1"]
[EndTime "11:59:03 PDT"]
[Termination "BlackWidow515 won by resignation"]

1. d4 d5 2. Nf3 Nf6 3. e3 Bf5 4.
c4 e6 5. Nc3 Bb4 6. Qa4+ Nc6 7.
Ne5 O-O 8. Nxc6 Bxc3+ 9. bxc3 Qd7 10. Ba3 Rfe8 11. Be2 bxc6 12. O-O Red8 13. Bc5 Ne4 14. Bb4 Nd2 15. cxd5 Nxf1 16. dxc6 Qd5 17. Rxf1 a5 18. Bc5 Be4 19. f3 Bg6 20. e4 Qg5 21. Kf2 e5 22. d5 f5 23. exf5 Bxf5 24. Qc4 Kh8 25. Rb1 Bxb1 26. Be3 Qg6 27. Qc5 Bf5 28. Qc4 Rab8 29.
g4 Rb2 30. gxf5 Rxe2+ 31. Qxe2 Qxf5 32. Qd2 Qf7 33. Qd1 Qe7 34. c4 Qd6 35. Qa4 Qb4 36.
Qxb4 axb4 37. Bc5 b3 38. axb3 Rb8 39. d6 Ra8 40. d7 Rd8 41. Be7 Ra8 42. d8=Q+ Rxd8 43.
Bxd8 Kg8 44. Bxc7 Kf7 45. Bxe5 Ke7 46. c7 Kd7 47. Bxg7 Kc8 48. Be5 Kd7 49. Kg3 Kc8 50.
Kh4 Kd7 51. Kh5 Kc8 52. Kh6 Kd7 53. Kxh7 Kc8 54. Kg7 Kd7 55. Kf7 Kc8 56. Ke7 Kb7 57.
Kd7 Kb6 58. Ba1 Kc5 59. c8=Q+ Kb4 60. c5 Kxb3 61. c6 Kc4 62. c7 Kd3 63. Qe8 Kc4 64.
c8=Q+ 1-0

[Event "*** SCC Grand Prix: Titled Tuesday Blitz"]
[Site "Chess.com"]
[Date "2020.08.11"]
[Round "10"]
[White "LaPorfia"]
[Black "MFguimaraes"]
[Result "1-0"]
[WhiteElo "2262"]
[BlackElo "2403"]
[TimeControl "180+1"]
[EndTime "11:59:04 PDT"]
[Termination "LaPorfia won on time"]

1. d4 f5 2. Nf3 Nf6 3. Bf4 b6 4.
e3 Bb7 5. Bd3 e6 6. Nbd2 Be7 7.
O-O O-O 8. h3 c5 9. c4 Nc6 10.
a3 Rc8 11. Rc1 Kh8 12. Bh2 h6 13. d5 exd5 14. Bxf5 dxc4 15. Nxc4 d5 16. Nce5 Nxe5 17. Nxe5 Kg8 18. Be6+ Kh7 19. Qc2+ Ne4 20. f3 Ba6 21. Rfd1 Bh4 22. Bxd5 Bf2+ 23. Kh1 Qh4 24. Qxe4+ Qxe4 25. Bxe4+ Kg8 26. Bg1 Bg3 27. f4 Rce8 28. Bd5+ Kh7 29.
Rc3 h5 30. Bh2 Bf2 31. Bc4 Bb7 32. Rf1 Bh4 33. Kg1 Bf6 34. Rcc1 Be4 35. Bd3 Rxe5 36.
fxe5 Bxd3 37. Rfd1 Be2 38. Rd2 Bxe5 39. Bxe5 Bc4 40. Bf4 Kg6 41. Rd6+ Kf5 42. h4 g5 43. hxg5 Kg4 44. Kh2 h4 45. Rcd1 Be2 46. Rh6 Bxd1 47. g6 Bb3 48. g7 Rg8 49. Be5 Re8 50. Rh8 Bg8 51. Bf4 b5 52. g3 hxg3+ 53. Bxg3 b4 54. Rh4+ Kg5 55. e4 a5 56. Rh8 c4 57. axb4 axb4 58.
Be1 1-0

[Event "*** SCC Grand Prix: Titled Tuesday Blitz"]
[Site "Chess.com"]
[Date "2020.08.11"]
[Round "10"]
[White "ace_mar"]
[Black "Anna_ChessMate"]
[Result "0-1"]
[WhiteElo "2466"]
[BlackElo "2599"]
[TimeControl "180+1"]
[EndTime "11:59:05 PDT"]
[Termination "Anna_ChessMate won by resignation"]

1. d4 d5 2. c4 c6 3. Nf3 Nf6 4. e3 Bg4 5. h3 Bxf3 6. Qxf3 e6 7. Nc3 Nbd7 8. Bd2 Bb4 9. O-O-O O-O 10. Bd3 Re8 11.
Kb1 e5 12. dxe5 Nxe5 13. Qe2 d4 14. Ne4 Bxd2 15. Rxd2 dxe3 16. Qxe3 Nxe4 17. Bxe4 Qh4 18. Rc1 g6 19. b3 Rad8 20. Rxd8 Rxd8 21. Bc2 Qf6 22. Re1 Nd7 23. Qe7 Qxe7 24. Rxe7 Kf8 25. Re3 Nf6 26. Kc1 h5 27. Rd3 Re8 28. Rf3 Kg7 29.
Kd1 Nd7 30. Rd3 Ne5 31. Rd2 g5 32. Bf5 Kf6 33. Bc2 g4 34. hxg4 hxg4 35. Re2 Rd8+ 36. Ke1 Rh8 37. Kd2 Rh1 38. Be4 Ra1 39. Kc3 c5 40.
Rd2 b6 41. Rd6+ Ke7 42. Rd5 f6 43. Rd2 Rc1+ 44. Kb2 Re1 45. f3 g3 46. Kc2 Rf1 47. Kc3 Rc1+ 48. Kb2 Rf1 49. Kc2 Ke6 50. Bd5+ Ke7 51.
Be4 a5 52. Bd5 Ng6 53. Be4 Nf4 54. Kc3 Rf2 55. Kc2 Nxg2 56. Kd1 Ne3+ 57. Ke1 Rxd2 58. Kxd2 g2 59. Kxe3 g1=Q+ 60. Kf4 Qc1+ 61. Kf5 Qb2 0-1

[Event "*** SCC Grand Prix: Titled Tuesday Blitz"]
[Site "Chess.com"]
[Date "2020.08.11"]
[Round "10"]
[White "bugbug01052018"]
[Black "Sultanasharminshirin"]
[Result "0-1"]
[WhiteElo "2147"]
[BlackElo "2026"]
[TimeControl "180+1"]
[EndTime "11:59:05 PDT"]
[Termination "Sultanasharminshirin won by resignation"]

1. d4 d5 2. c4 c6 3. Nf3 Nf6 4. g3 Bf5 5. Bg2 e6 6. O-O h6 7. Nc3 Nbd7 8. Qb3 Qb6 9. c5 Qxb3 10. axb3 Be7 11. b4 a6 12. Bf4 O-O 13. Nd2 Nh5 14.
Bc7 Rac8 15. Bf4 Nxf4 16. gxf4 f6 17. Nb3 e5 18. fxe5 fxe5 19. e3 Rf6 20. Na5 Rc7 21. f4 e4 22. Kh1 Rg6 23. Nb3 Nf6 24. Ne2 Ng4 25. Ng3 Nxe3 26. Nxf5 Nxg2 27. Nxe7+ Rxe7 28. f5 Rg5 29. f6 gxf6 30. Rxf6 Kg7 31. Rf2 Nh4 32.
Re1 Nf5 33. Rf4 Kg6 34. h4 Rg3 35. Kh2 Rxb3 36. Rg1+ Kf6 37. h5 Rxb2+ 38. Kh3 Rg7 39. Rxg7 Kxg7 40. Rxf5 Rxb4 41. Re5 Kf6 42. Re8 Rxd4 43.
Rd8 e3 44. Rd6+ Kg5 45. Re6 Re4 46. Rg6+ Kxh5 47. Rg1 e2 48. Re1 d4 49. Kg3 d3 50.
Kf3 Re6 51. Kf2 Kg4 52. Rh1 h5 53. Ke1 h4 54. Kd2 Kg3 55. Rg1+ Kf2 56. Rh1 e1=Q+ 0-1

[Event "*** SCC Grand Prix: Titled Tuesday Blitz"]
[Site "Chess.com"]
[Date "2020.08.11"]
[Round "10"]
[White "CraiggoryC"]
[Black "QueenOfTactics90"]
[Result "1-0"]
[WhiteElo "2178"]
[BlackElo "1941"]
[TimeControl "180+1"]
[EndTime "11:59:07 PDT"]
[Termination "CraiggoryC won by resignation"]

1. e4 c5 2. Nc3 Nc6 3. Bb5 g6 4. Bxc6 dxc6 5. f4 Bg7 6. Nf3 Bg4 7. O-O Bxf3 8. Qxf3 e6 9. d3 Ne7 10. f5 exf5 11. Bg5 f6 12. Be3 b6 13. exf5 gxf5 14.
Rae1 Qd7 15. Qg3 O-O 16. Bh6 Ng6 17. Bxg7 Kxg7 18. Ne2 Rae8 19. Qf2 Re5 20. Ng3 f4 21.
Ne4 Rfe8 22. Kh1 f5 23. Ng5 Rxe1 24. Rxe1 Rxe1+ 25. Qxe1 Qe7 26. Qxe7+ Nxe7 27. Ne6+ Kf6 28. Nxf4 Nd5 29. Nxd5+ cxd5 30. Kg1 Ke5 31. Kf2 h5 32. g3 f4 33. Kf3 fxg3 34. hxg3 Kf5 35. c3 b5 36. d4 c4 37. b3 a6 38. b4 Kg5 39.
Kf2 Kg4 40. Kg2 Kg5 41. Kh3 Kh6 42. Kh4 Kg6 43. g4 hxg4 44. Kxg4 Kf6 45. Kf4 Ke6 46. Kg5 Ke7 47. Kf5 Kd7 48. Ke5 Kc6 49. Ke6 a5 50. a3 a4 51. Ke5 Kc7 52. Kxd5 Kd7 53. Kc5 Kc7 54. Kxb5 Kd6 55. Kxc4 Kc6 56. b5+ 1-0

[Event "*** SCC Grand Prix: Titled Tuesday Blitz"]
[Site "Chess.com"]
[Date "2020.08.11"]
[Round "10"]
[White "GianmarcoVaR"]
[Black "frederiksvane"]
[Result "0-1"]
[WhiteElo "2453"]
[BlackElo "2579"]
[TimeControl "180+1"]
[EndTime "11:59:08 PDT"]
[Termination "frederiksvane won by resignation"]

1. e4 c5 2. Nf3 g6 3. d4 cxd4 4. Nxd4 Bg7 5. c4 Nc6 6. Be3 Nf6 7. Nc3 O-O 8. Be2 d6 9. O-O Bd7 10. Qd2 Nxd4 11. Bxd4 Bc6 12. f3 Nd7 13. Be3 a5 14. b3 Nc5 15. Rab1 Qb6 16. Rfc1 Rfc8 17. Rc2 Qd8 18.
Bf1 h5 19. Rd1 Kh7 20. Rdc1 Qh8 21. Nb5 Ne6 22. Kh1 Bf6 23. Na7 Rc7 24. Bb6 Bd4 25. Bxc7 Nxc7 26. Nxc6 bxc6 27. c5 dxc5 28. Qf4 Nb5 29.
Qxf7+ Qg7 30. Qe6 Qf6 31. Qd7 Qd6 32. Qxd6 exd6 33. a4 Nc7 34. g3 Rb8 35. Bc4 d5 36. exd5 cxd5 37. Bb5 Nxb5 38. axb5 Rxb5 39. Ra2 Rxb3 40.
Kg2 Bc3 41. Re2 a4 42. Kh3 a3 43. Re7+ Kh6 44. Rc2 Bb2 45. Rxc5 a2 46. Rcc7 a1=Q 47. Rh7+ Kg5 48. Rcf7 Bf6 49. f4+ Kf5 50. Rxf6+ Qxf6 51.
Ra7 Qc3 52. Rf7+ Ke4 53. Re7+ Kf3 54. Re6 Qd3 55. Re5 Qf5+ 56. Rxf5 gxf5 57. Kh4 d4 58. Kg5 d3 59. Kxh5 d2 60. Kg5 d1=Q 0-1

[Event "*** SCC Grand Prix: Titled Tuesday Blitz"]
[Site "Chess.com"]
[Date "2020.08.11"]
[Round "10"]
[White "1977Ivan"]
[Black "FedaMaster"]
[Result "1-0"]
[WhiteElo "2682"]
[BlackElo "2426"]
[TimeControl "180+1"]
[EndTime "11:59:09 PDT"]
[Termination "1977Ivan won by checkmate"]

1. c4 f5 2. Nc3 Nf6 3. d4 g6 4. h4 h6 5. Nf3 d6 6. Qb3 Bg7 7. c5 c6 8. Bf4 Na6 9. e3 dxc5 10.
Bxa6 bxa6 11. Ne5 e6 12. Nxg6 cxd4 13. exd4 Rg8 14. O-O-O Nd5 15. Rhe1 Qa5 16. Nxd5 cxd5 17. h5 Bd7 18. Kb1 Qa4 19. Rxe6+ Kd8 20. Qxa4 Bxa4 21. Rd6+ Kc8 22. Rc1+ Kb7 23. Rxd5 Rac8 24. b3 Bc6 25. Rd6 Be4+ 26. Kb2 Rxc1 27. Kxc1 Bxg2 28. d5 Rc8+ 29. Kd2 Bc3+ 30. Kd3 Be4+ 31. Ke3 Bb4 32. Rd7+ Kb6 33. Kd4 Bc3+ 34. Ke3 Bb2 35. Be5 Bc1+ 36.
Ke2 Rc2+ 37. Kf1 Ba3 38. Bd4+ Ka5 39. Ne5 Bb4 40. Nc4+ Rxc4 41. bxc4 Bd3+ 42. Kg2 Bxc4 43. d6 Bb5 44. Rd8 Ba3 45. Be5 Bc5 46. Kf3 Bb6 47.
Rb8 Bd7 48. Kf4 Kb5 49. Rb7 Kc6 50. Rxd7 Kxd7 51. Kxf5 Bxf2 52. Bf4 Be1 53. Kg6 Bb4 54. Kxh6 Ke6 55. Kg6 Bc3 56. h6 a5 57. h7 a4 58. Bh6 Be5 59. Bg7 Bxd6 60. h8=Q a3 61.
Qe8+ Kd5 62. Qa4 Bc5 63. Qa5 Kc4 64. Kf5 Bb4 65. Qa4 Kc5 66. Be5 a5 67. Ke4 Kc4 68.
Qb3+ Kb5 69. Bd4 a4 70. Qd5+ Ka6 71. Qc6+ Ka5 72. Qb6# 1-0

[Event "*** SCC Grand Prix: Titled Tuesday Blitz"]
[Site "Chess.com"]
[Date "2020.08.11"]
[Round "10"]
[White "KarpovVadim"]
[Black "Lion-Al-Messi"]
[Result "0-1"]
[WhiteElo "2310"]
[BlackElo "2506"]
[TimeControl "180+1"]
[EndTime "11:59:12 PDT"]
[Termination "Lion-Al-Messi won by resignation"]

1. d4 d5 2. c4 c6 3. cxd5 cxd5 4. Bg5 Nc6 5. e3 Bf5 6. Nc3 h6 7. Bh4 Nf6 8. Bxf6 exf6 9. Bd3 Be6 10. Nge2 Bd6 11. O-O O-O 12. Rc1 Rc8 13. a3 Bb8 14.
b4 a5 15. b5 Ne7 16. g3 Ng6 17. Na4 b6 18. Rxc8 Bxc8 19. Qb3 Qd6 20. Rc1 Bd7 21.
Bxg6 fxg6 22. Nf4 Kh7 23. Qxd5 Qxd5 24. Nxd5 Bxb5 25. Naxb6 Bd6 26. a4 Bd3 27. f3 Rd8 28.
Kf2 h5 29. Rc8 Rxc8 30. Nxc8 Ba3 31. Ncb6 Bc2 32. Nc4 Bf8 33. Nxa5 Bxa4 34. Nc4 Bb3 35.
Ndb6 Kg8 36. Nd2 Bc2 37. e4 Kf7 38. Ke3 g5 39. Nbc4 h4 40. f4 gxf4+ 41. gxf4 Bb4 42. h3 Ba4 43. Nf3 Bd7 44. f5 Bb5 45. Nb2 Bf1 46. Nd3 Ba5 47. Nf4 Bc7 48. e5 fxe5 49. dxe5 Bb8 50. Ke4 Bb5 51. Kd5 Ba6 52. Nxh4 Bb7+ 53.
Kc5 Bxe5 54. Nfg6 Bg3 55. Nh8+ Kf6 56. N4g6 Kxf5 57. Ne7+ Ke6 58. Nhg6 Be4 59. Kd4 Bb1 60. Ke3 Bd6 61. h4 Bxe7 62. Nxe7 Kxe7 63. h5 Kf6 64. h6 gxh6 0-1

[Event "*** SCC Grand Prix: Titled Tuesday Blitz"]
[Site "Chess.com"]
[Date "2020.08.11"]
[Round "10"]
[White "PawnEatingZombie"]
[Black "Margarita2907"]
[Result "1-0"]
[WhiteElo "2212"]
[BlackElo "2090"]
[TimeControl "180+1"]
[EndTime "11:59:13 PDT"]
[Termination "PawnEatingZombie won on time"]

1. d4 d5 2. c4 e6 3. Nc3 Nf6 4.
cxd5 exd5 5. Bg5 Be7 6. e3 O-O 7. Bd3 Nbd7 8. Qc2 c6 9. Nge2 h6 10. Bh4 Re8 11. f3 c5 12. O-O c4 13. Bf5 Nf8 14.
Rad1 Bxf5 15. Qxf5 Ng6 16. Bg3 Bd6 17. Bxd6 Qxd6 18.
e4 dxe4 19. fxe4 Qd7 20. Qf3 Qg4 21. e5 Qxf3 22. Rxf3 Nd7 23. Rdf1 Rf8 24. Ng3 a6 25. Nf5 b5 26. a3 Nb6 27. h4 Ra7 28. h5 Ne7 29.
Nd6 Nc6 30. e6 Nxd4 31. exf7+ Kh7 32. Rf4 Ne6 33. Re4 Re7 34. Rfe1 Rc7 35. Rxe6 Nd7 36. Re8 Rc6 37. Rxf8 Nxf8 38. Re8 Rxd6 39. Rxf8 Rf6 40. Ne4 Rf4 41. Re8 Rxf7 42. Re6 Rd7 43. Rxa6 Rd1+ 44.
Kh2 Rb1 45. Ra7 Rxb2 46. Nd6 Kg8 47. Nf5 Kf8 48. Rb7 Ke8 49. Nxg7+ Kd8 50. Ne6+ Kc8 51. Rc7+ Kb8 52. Rh7 c3 53. Nd4 c2 54. Nxc2 Rxc2 55. Rxh6 Ra2 56. Rb6+ Kc7 57. Rxb5 Rxa3 58. Rf5 Ra6 59.
Kh3 Rh6 60. g4 Kd7 61. Kh4 Ke6 62. Rf4 Rh8 63. Ra4 Kf6 64. Ra6+ Kg7 65. Kg5 1-0

[Event "*** SCC Grand Prix: Titled Tuesday Blitz"]
[Site "Chess.com"]
[Date "2020.08.11"]
[Round "10"]
[White "VladimirBelous"]
[Black "vladislavkovalev"]
[Result "1/2-1/2"]
[WhiteElo "2779"]
[BlackElo "2888"]
[TimeControl "180+1"]
[EndTime "11:59:14 PDT"]
[Termination "Game drawn by repetition"]

1. Nf3 Nf6 2. c4 e6 3. g3 Be7 4. Bg2 d5 5. O-O O-O 6. d4 dxc4 7. Qc2 a6 8. Qxc4 b5 9. Qb3 Bb7 10. Bg5 Nbd7 11. a4 Bd5 12. Qc2 Be4 13. Qd1 c5 14.
Nc3 Bc6 15. dxc5 b4 16. Na2 a5 17. Qc2 Rc8 18. Nc1 Nxc5 19. Nd3 Nxd3 20. Qxd3 Qxd3 21. exd3 Rfd8 22. Ne5 Bxg2 23. Kxg2 h6 24. Be3 Nd5 25. Rac1 Nxe3+ 26. fxe3 Rxc1 27. Rxc1 Bf6 28. Nc4 Rxd3 29. Rc2 b3 30. Re2 Rd5 31. e4 Rc5 32. Na3 Be5 33. Kf3 g5 34. Ke3 g4 35. Kd3 h5 36. Nc4 Bg7 37. e5 Rd5+ 38. Kc3 Bf8 39. Kxb3 Bb4 40. Kc2 Kg7 41. Re4 Kg6 42. b3 f5 43. exf6 Kxf6 44.
Rf4+ Kg5 45. Rf2 h4 46. Re2 Rf5 47. Kd3 Rf3+ 48. Re3 Rf2 49. gxh4+ Kxh4 50. Rxe6 Rxh2 51. Ne3 Rh3 52. Ke4 Kg3 53. Rg6 Kf2 54. Nxg4+ Ke2 55.
Ne5 Rxb3 56. Rg2+ Kf1 57. Rc2 Ra3 58. Nc4 Rxa4 59. Ne3+ Kg1 60. Kf3 Ra1 61. Rg2+ Kh1 62. Rg6 Bc5 63. Rh6+ Kg1 64. Rg6+ Kh1 65. Rh6+ Kg1 66.
Rg6+ Kh1 1/2-1/2

[Event "*** SCC Grand Prix: Titled Tuesday Blitz"]
[Site "Chess.com"]
[Date "2020.08.11"]
[Round "10"]
[White "Aygehovit1992"]
[Black "ShapkinAnatoliy"]
[Result "1/2-1/2"]
[WhiteElo "2627"]
[BlackElo "2741"]
[TimeControl "180+1"]
[EndTime "11:59:15 PDT"]
[Termination "Game drawn - insufficient material"]

1. e4 e5 2. Nf3 Nc6 3. Bb5 Nf6 4. O-O Nxe4 5. d4 Nd6 6. Bxc6 dxc6 7. dxe5 Nf5 8.
Qxd8+ Kxd8 9. h3 Ke8 10. Nc3 h5 11. Bf4 Be7 12. Rad1 Be6 13. Ng5 Rh6 14. Nxe6 Rxe6 15. g4 hxg4 16. hxg4 Nh4 17. f3 Ng6 18. Bg3 Nxe5 19.
Kg2 Rd8 20. Rxd8+ Kxd8 21. Rd1+ Kc8 22. Rh1 Bd6 23. Rh8+ Kd7 24. Ne4 Re8 25. Rh7 Rg8 26. Bxe5 Bxe5 27. Nc5+ Kc8 28. Nd3 Bd6 29. f4 Kd7 30.
Kf3 Ke7 31. g5 g6 32. Nf2 Ke6 33. Ne4 Be7 34. Rh1 Rd8 35. Re1 Kd7 36. b3 b6 37.
Kg4 a5 38. f5 gxf5+ 39. Kxf5 Rg8 40. Rh1 a4 41. Rd1+ Kc8 42. bxa4 Rh8 43. Rf1 Kd7 44. Ke5 Bd6+ 45. Nxd6 cxd6+ 46. Kf6 Rg8 47. Rf5 Ke8 48. Rf3 Rg6+ 49. Kf5 Ke7 50. Rb3 Re6 51. Rxb6 Re5+ 52. Kg4 Ra5 53. Rb4 Ke6 54. Re4+ Kd5 55. Rf4 Ke6 56.
a3 d5 57. Kh5 c5 58. Rf6+ Ke7 59. Rc6 c4 60. Rc7+ Ke6 61. Kh6 Rxa4 62. Kg7 Rxa3 63. Rxf7 Rc3 64. Rf6+ Ke5 65. g6 Rxc2 66.
Kf7 Rg2 67. g7 Rxg7+ 68. Kxg7 d4 69. Rc6 c3 70. Kg6 Kd5 71. Rc8 Ke4 72. Kg5 Kd3 73. Kf4 Kc2 74. Kf3 d3 75. Rd8 Kd2 76. Rc8 c2 77.
Ke4 Ke2 78. Rc3 d2 79. Rxc2 Ke1 80. Rxd2 Kxd2 1/2-1/2